 Dungeon Crawl Stone Soup version 0.18-a0-1481-g708b138 (webtiles) character file.

1304 dorian the Reanimator (level 8, -5/62 HPs)
             Began as a Deep Dwarf Necromancer on Mar 2, 2016.
             Killed by divine providence
             ... invoked by an orc priest
              (11 damage)
             ... on level 7 of the Dungeon.
             The game lasted 00:19:43 (6390 turns).

dorian the Reanimator (Deep Dwarf Necromancer)      Turns: 6390, Time: 00:19:43

Health: -5/62      AC:  4    Str: 13    XL:     8   Next: 31%
Magic:  14/16      EV: 12    Int: 22    God:
Gold:   273        SH:  0    Dex: 13    Spells: 3 memorised, 13 levels left

rFire  + . .     SeeInvis .     E - +2 war axe (chop)
rCold  . . .     Gourm    .     A - +0 leather armour
rNeg   . . .     Faith    .     (no shield)
rPois  .         Spirit   .     (no helmet)
rElec  .         Dismiss  .     (no cloak)
rCorr  .         Reflect  .     (no gloves)
SustAt .         Harm     .     s - +0 pair of boots
MR     +....                    (no amulet)
Stlth  ++........               i - ring of protection from fire
                                C - +5 ring of intelligence

@: non-regenerating, somewhat resistant to hostile enchantments, unstealthy
A: damage resistance, recharge devices, sense surroundings 1, slow regeneration
3
a: Device Recharging


You were on level 7 of the Dungeon.
You were not hungry.

You visited 1 branch of the dungeon, and saw 7 of its levels.

You collected 273 gold pieces.

Inventory:

Hand Weapons
 q - a +1 dagger of freezing
 t - a +0 dagger of venom
 D - a +2 hand axe of freezing
 E - a +2 war axe of chopping (weapon)
Armour
 a - a +0 robe
 s - a +0 pair of boots (worn)
 A - a +0 leather armour (worn)
Magical Staves
 z - an uncursed staff of poison
Jewellery
 f - an uncursed amulet of harm
 i - a ring of protection from fire (right hand)
 l - an uncursed ring of sustain attributes
 r - a cursed ring of teleportation {unknown}
 C - a +5 ring of intelligence (left hand)
Wands
 c - a wand of heal wounds (9/9)
 w - a wand of confusion (38/48)
Scrolls
 k - a scroll of remove curse
 o - 4 scrolls of identify
 p - a scroll of random uselessness
 y - 2 scrolls of magic mapping
Potions
 e - 3 potions of heal wounds
 g - 4 potions of agility
 j - 2 potions of lignification
 m - 7 potions of curing
 n - 7 potions of degeneration
 u - 2 potions of might
 B - a potion of ambrosia {unknown}
Books
 b - a book of Necromancy

   Spells                             Type                      Level
   a - Pain                           Necromancy                   1
   b - Animate Skeleton               Necromancy                   1
   c - Vampiric Draining              Necromancy                   3
   d - Regeneration                   Charms/Necromancy            3
   e - Animate Dead                   Necromancy                   4
   f - Control Undead                 Necromancy                   4
Comestibles
 d - 7 bread rations
 h - 6 meat rations
 v - a beef jerky
 x - 4 chunks of flesh


   Skills:
 + Level 2.5 Axes
 + Level 2.3 Armour
 - Level 2.1 Dodging
 - Level 2.4 Stealth
 - Level 5.5 Spellcasting
 + Level 8.9 Necromancy


You had 13 spell levels left.
You knew the following spells:

 Your Spells              Type           Power        Failure   Level  Hunger
a - Pain                  Necr           ####         1%          1    None
b - Vampiric Draining     Necr           #####.....   1%          3    ##.....
c - Animate Skeleton      Necr           N/A          1%          1    None


Dungeon Overview and Level Annotations

Branches:
Dungeon (7/15)
 Temple: D:4-7

Altars:
Pakellas
Ru
Sif Muna

Shops:
D:6 (

Annotations:
D:2 Sigmund
D:5 uiiiytp's ghost, novice DDFi


Innate Abilities, Weirdness & Mutations

You are resistant to damage.
You can recharge devices by infusing magical energy.
You passively map a small area around you.
You do not regenerate naturally.


Message History

The orc warrior hits you from afar with a glaive!
Casting: Pain
Confirm with . or Enter, or press ? or * to list all spells.
Aiming: Pain
Press: ? - help, Shift-Dir - straight line, f/p - orc warrior
Aim: an orc warrior, wielding a glaive and wearing a plate armour (moderately wounded, chance to defeat MR: 84%)
The orc convulses in agony!
You kill the orc!
The orc warrior closely misses you.
The orc priest calls down the wrath of Beogh upon you.
Beogh smites you!
The orc priest mumbles some strange prayers to Beogh against you.
Beogh smites you!
* * * LOW HITPOINT WARNING * * *
Some of the chunks of flesh in your inventory have rotted away.
The orc warrior hits you from afar with a glaive.
* * * LOW HITPOINT WARNING * * *
The orc priest mumbles some strange prayers to Beogh against you.
Beogh smites you!
You die...

#....#.##.##.###
#..............#
###..#.##.#..###
##.#.#.....####
* #.#..........#
♣♣.#...##..##.#
♣♣..........# ,#
♣..........###.#
,
...≈≈≈..@......#
..≈≈≈≈≈...######
..≈≈♣≈≈...# ,
..≈≈≈≈≈.o## ,
...≈≈≈...#
♣..[....##
♣♣.....o.#
♣♣#Z....#
#.###.#


You could see an orc warrior, an orc priest and a wyvern zombie (wandering).

Vanquished Creatures
  2 ice beasts
  An ogre (D:4)
  A sky beast (D:6)
  A centaur (D:3)
  2 giant frogs (D:6)
  A howler monkey (D:5)
  A giant frog zombie (D:6)
  2 hounds
  A centaur skeleton (D:4)
  2 jellies (D:6)
  3 orc priests
  Jessica (D:2)
  An orc wizard (D:6)
  5 worker ants
  A hound skeleton (D:5)
  7 gnolls
  A howler monkey skeleton (D:5)
  3 adders
  3 shadow imps
  6 worms
  2 dart slugs
  3 giant geckos
  9 orcs
  3 giant cockroaches
  13 goblins
  13 hobgoblins
  10 jackals
  5 bats
  2 giant gecko skeletons (D:4)
  2 giant newts
  A jackal zombie (D:5)
  10 kobolds
  A quokka skeleton (D:4)
  7 rats
126 creatures vanquished.

Notes
Turn   | Place    | Note
--------------------------------------------------------------
     0 | D:1      | dorian the Deep Dwarf Necromancer began the quest for the Orb.
     0 | D:1      | Reached XP level 1. HP: 15/15 MP: 3/3
   147 | D:1      | Reached XP level 2. HP: 8/22 MP: 1/4
   151 | D:1      | Reached skill level 5 in Necromancy
   804 | D:2      | Reached XP level 3. HP: 6/28 MP: 3/6
   831 | D:2      | Learned a level 3 spell: Vampiric Draining
   859 | D:2      | Found an oddly glowing altar of Pakellas.
  1095 | D:2      | Found a sacrificial altar of Ru.
  1197 | D:2      | Noticed Jessica
  1203 | D:2      | Killed Jessica
  1458 | D:2      | Noticed Sigmund
  1519 | D:2      | Reached XP level 4. HP: 29/36 MP: 3/7
  2118 | D:3      | Noticed a centaur
  2124 | D:3      | Reached skill level 6 in Necromancy
  2133 | D:3      | Killed a centaur
  2133 | D:3      | Reached XP level 5. HP: 19/42 MP: 0/10
  2580 | D:3      | Learned a level 1 spell: Animate Skeleton
  2920 | D:3      | Reached XP level 6. HP: 18/49 MP: 4/11
  3605 | D:4      | Reached skill level 7 in Necromancy
  4033 | D:4      | Reached XP level 7. HP: 48/55 MP: 6/13
  4434 | D:5      | Entered Level 5 of the Dungeon
  4574 | D:5      | Noticed uiiiytp's ghost (novice DDFi)
  4908 | D:5      | Reached skill level 5 in Spellcasting
  4908 | D:5      | Reached skill level 8 in Necromancy
  5296 | D:6      | Found Liugapal's Weapon Emporium.
  5630 | D:6      | Reached XP level 8. HP: 49/62 MP: 8/16
  5720 | D:6      | Reached skill level 1 in Axes
  5720 | D:6      | Reached skill level 1 in Armour
  5901 | D:6      | Found a deep blue altar of Sif Muna.
  6390 | D:7      | Killed from afar by an orc priest

Vault maps used:
D:1:      lightli_arrival_maybe_door_vault
D:2:      overflow_temple_1_default, grunt_pakellas_mercury, uniq_sigmund,
          uniq_jessica
D:4:      serial_bayou_pond_c
D:5:      first_bread
D:6:      serial_shops, shop, minmay_misc_feat_doors, led_sif_pool
D:7:      elyvilon_altar_3, minmay_temple_entry_overgrown, grunt_ogre_cave

Skill      XL: |  1  2  3  4  5  6  7  8 |
---------------+-------------------------+-----
Necromancy     | 5 6 7 8 |  8.9
Spellcasting   | 2 3 4 5 |  5.5
Axes           | 2 |  2.5
Armour         | 2 |  2.3
Dodging        | |  2.1
Stealth        | |  2.4

Action                   |  1- 3 |  4- 6 |  7- 9 || total
-------------------------+-------+-------+-------++-------
Melee: Unarmed           |    19 |       |       ||    19
       Dagger            |    10 |    96 |       ||   106
       Hand axe          |       |     1 |    50 ||    51
       War axe           |       |       |    29 ||    29
 Cast: Pain              |    34 |    24 |    18 ||    76
       Vampiric Draining |     9 |    42 |    45 ||    96
  Use: Scroll            |       |       |    15 ||    15
 Stab: Sleeping          |       |     4 |     4 ||     8
  Eat: Chunk             |     4 |    11 |     8 ||    23
       Beef jerky        |       |       |     1 ||     1
